 Dungeon Crawl Stone Soup version 0.30-a0-347-gf58ed5266c (webtiles) character file.

Game seed: 5813019580398760444

32 mcwallace the Insei (level 3, -2/34 HPs)
             Began as an Octopode Transmuter on Nov 6, 2022.
             Succumbed to an adder's poison
             ... on level 1 of the Dungeon.
             The game lasted 00:03:10 (1019 turns).

mcwallace the Insei (Octopode Transmuter)           Turns: 1019, Time: 00:03:11

Health: -2/34      AC: 21    Str:  9    XL:     3   Next: 25%
Magic:  3/6        EV:  2    Int: 17    God:
Gold:   39         SH:  0    Dex: 12    Spells: 3/6 levels left

rFire   . . .      SeeInvis .      - Unarmed
rCold   . . .      Faith    .    (no shield)
rNeg    . . .      Spirit   .    (helmet currently unavailable)
rPois   +          Reflect  .    (no amulet)
rElec   .          Harm     .    c - ring of willpower
rCorr   .          Rampage  .    (no ring)
Will    +....      NoTele   +    (no ring)
Stlth   +.........               (no ring)
HPRegen 0.25/turn                (no ring)
MPRegen 0.10/turn                (no ring)
                                 (no ring)
                                 (no ring)

@: lethally poisoned (-2 -> -16), tree-form, wereblooded
A: stationary, stasis, torment immunity, boosted hp, almost no armour,
(amphibious), 8 rings, (camouflage 1), (gelatinous body 1), (nimble swimmer 1),
(tentacles)
a: no special abilities


You were on level 1 of the Dungeon.
You were a tree.
You visited 1 branch of the dungeon, and saw 2 of its levels.

You collected 67 gold pieces.
You spent 28 gold pieces at shops.


Innate Abilities, Weirdness & Mutations

You are a tree.
Your roots penetrate the ground, keeping you stationary.
You cannot be teleported.
You are immune to unholy pain and torment.
Your maximum health is greatly increased.
You cannot wear most types of armour.
((You are amphibious.))
You can wear up to eight rings at the same time.
((Your skin changes colour to match your surroundings (Stealth+).))
((Your rubbery body absorbs attacks. (AC +1, EV +1)))
((You are camouflaged when in or above water. (Stealth+)))
((You have tentacles for arms and can constrict up to eight enemies at once.))


   Skills:
 + Level 1.5 Fighting
 + Level 2.3 Dodging
 + Level 3.2 Unarmed Combat
 + Level 2.3 Spellcasting
 + Level 2.3 Transmutations


You had 3 spell levels left.
You knew the following spells:

 Your Spells              Type           Power      Damage    Failure   Level
a - Beastly Appendage     Tmut           20%        N/A       7%          1
b - Wereblood             Tmut           10%        N/A       11%         2

Your spell library contained the following spells:

 Spells                   Type           Power      Damage    Failure   Level
 Ensorcelled Hibernation  Hex/Ice        2%         N/A       28%         2
 Sublimation of Blood     Necr           1%         N/A       28%         2
 Spider Form              Tmut/Pois      6%         N/A       34%         3
 Ice Form                 Ice/Tmut       6%         N/A       75%         4
 Anguish                  Hex/Necr       0%         N/A       88%         4
 Summon Hydra             Summ           0%         N/A       100%        7

Inventory:

Missiles
 j - 7 stones {throwing}
Jewellery
 c - a ring of willpower (left branch)
   (You found it on level 1 of the Dungeon)
Scrolls
 e - a scroll of silence {unknown}
 g - a scroll of butterflies {unknown}
 h - 2 scrolls of teleportation {@r4}
Potions
 b - a potion of haste {@q3}
 d - a potion of attraction {unknown}
 f - a potion of degeneration {unknown}
 i - 2 potions of mutation {!q}

Dungeon Overview and Level Annotations

Branches:
Dungeon (2/15) Zot: 10983

Altars:

Shops:
D:1

* ##########
.....[...# ########.#
...# #.# #########
##.# #.####.......#
##.#####.........##.#
.........####.##.##.#
##.#####.# #.##S##.#
#.# #.# #.##♣##.# #.#
#.# ##.##S##.# ##.#
##.###.....##.#
...####.............#
#..........#........#
##.##....#.#.######.#
#.#.....#.#.# #.#
##.........#.# #.#
...........#.# #.#


You could see 2 adders.


Message History

You regained 2 hp, and now have 9/23 hp. 😨 MP[+1]
You howl as the wereblood boils in your veins!
There is a stone staircase leading up here. 😨 HP[+1]
Your primal bloodlust is almost over.
Found an escape hatch in the floor. 😨 HP[+1]
You pick up a book of Blood and begin reading...
You add the spells Sublimation of Blood and Summon Hydra to your library. 😨 MP[+1]
Your mp is fully restored (6).
Your primal bloodlust has ended. 😮 HP[+1] 😮 HP[+1]
You pick up a book of Dreams and begin reading...
You add the spells Ensorcelled Hibernation and Anguish to your library. 😮 HP[+1] 😮 HP[+1]
A ball python comes into view. 😎 HP[+8]
Your hp is fully restored (23).
A ball python is nearby!
An adder comes into view.
Found a stone staircase leading down.
An adder comes into view.
The ball python hisses angrily.
The adder hisses angrily.
A ball python comes into view.
The ball python misses you. The ball python grabs you.
The ball python constricts you. 😕 HP[-1]
You take 1 damage, and now have 22/23 hp.
You escape the ball python's grasp.
The ball python attacks as you move away!
The ball python bites you. The ball python misses you.
The adder hisses angrily. 😕 HP[-2]
You take 2 damage, and now have 20/23 hp. 😕 HP[+1]
The adder attacks as you move away! The adder barely misses you. 😕 HP[+1]
The adder attacks as you move away! The adder completely misses you.
The adder bites you but does no damage. The adder barely misses you.
The adder bites you.
You are poisoned.
The adder poisons you! 😕 HP[-4]
You take 4 damage, and now have 18/23 hp.
The adder attacks as you move away! The adder barely misses you.
You feel sick.
There is a stone staircase leading up here. 😮 HP[-2]
You take 2 damage, and now have 16/23 hp.
You feel sick.
The adder bites you but does no damage. x2
The adder misses you.
You climb upwards.
You feel sick.
There is a stone staircase leading down here. 😮 HP[-2]
You take 2 damage, and now have 14/23 hp.
Casting: Wereblood (safe; 11% risk of failure)
Confirm with . or Enter, or press ? or * to list all spells.
One of your tentacles grows a vicious spike.
You feel sick. The adder closely misses you.
The adder bites you but does no damage.
The adder closely misses you. 😮 HP[-1] MP[-1]
You take 1 damage, and now have 13/23 hp.
You lost 1 mp, and now have 5/6 mp.
Casting: Beastly Appendage (safe; 7% risk of failure)
Confirm with . or Enter, or press ? or * to list all spells.
Your blood is infused with primal strength.
You feel sick. The adder barely misses you. The adder bites you.
* * * LOW HITPOINT WARNING * * *
You are more poisoned.
The adder poisons you! 😨 HP[-4] MP[-2]
You take 4 damage, and now have 9/23 hp.
You lost 2 mp, and now have 3/6 mp.
You closely miss the adder. Your grab misses the adder.
Your tentacle spike misses the adder.
You feel sick. The adder bites you.
* * * LOW HITPOINT WARNING * * *
You are more poisoned.
The adder poisons you! The adder barely misses you. 😱 HP[-5]
You take 5 damage, and now have 4/23 hp.
MASSIVE DAMAGE!! (PAUSE) Really quaff the potion of lignification?
Your tentacle spike disappears.
You turn into a tree.
Your roots penetrate the ground.
* * * LOW HITPOINT WARNING * * *
You feel very sick. The adder bites you.
* * * LOW HITPOINT WARNING * * *
You are more poisoned.
The adder poisons you! The adder bites you.
* * * LOW HITPOINT WARNING * * *
The adder bites you but does no damage. 😱 HP[-3]
You now have 34 max hp (+11).
You closely miss the adder.
You die...

Action                   || total
-------------------------++-------
Melee: Unarmed           ||    64
       Constrict         ||    11
       Tentacles         ||     9
       Kick              ||     6
       Punch             ||     1
 Cast: Beastly Appendage ||     5
       Wereblood         ||     2
  Use: Scroll            ||     3
       Potion            ||     1
 Stab: Sleeping          ||     5
Armor: Skin              ||    11
Dodge: Dodged            ||    57

Levels and vault maps discovered:
D:1:      psy_arrival_radial02, layout_loops_ring, serial_shops, shop,
          minmay_cut_off
D:2:      layout_basic, nicolae_ecumenical_lake_church, minmay_tall_x,
          uniq_crazy_yiuf_cottage

Notes
Turn   | Place    | Note
-------+----------+-------------------------------------------
     0 | D:1      | mcwallace the Octopode Transmuter began the quest for the
                  | Orb.
     0 | D:1      | Reached XP level 1. HP: 13/13 MP: 3/3
     0 | D:1      | magus.rc [v1.9.6]
   104 | D:1      | Reached XP level 2. HP: 18/18 MP: 5/5
   491 | D:1      | Reached XP level 3. HP: 23/23 MP: 6/6
   729 | D:1      | Found Xakkik's General Store.
   734 | D:1      | Bought a scroll of identify for 28 gold pieces
   927 | D:1      | Learned a level 2 spell: Wereblood
   946 | D:2      | You pick up a book of Blood and begin reading...
   946 | D:2      | You add the spells Sublimation of Blood and Summon Hydra to
                  | your library.
   955 | D:2      | You pick up a book of Dreams and begin reading...
   955 | D:2      | You add the spells Ensorcelled Hibernation and Anguish to
                  | your library.
  1017 | D:1      | HP: 4/23 [adder (4)]
  1018 | D:1      | HP: 1/34 [adder (1)]
  1019 | D:1      | Succumbed to an adder's poison

Vanquished Creatures
  A worm (D:2)
  A dart slug (D:1)
  4 ball pythons (D:1)
  4 bats (D:1)
  5 endoplasms (D:1)
  A giant cockroach (D:1)
  A goblin (D:1)
  A quokka (D:1)
  2 frilled lizards (D:1)
  7 rats (D:1)
27 creatures vanquished.

Table legend:
 A = Non-vault XP
 B = Vault XP
 C = Vault XP percentage of total XP
 D = Non-vault monster count
 E = Vault monster count
 F = Vault count percentage of total count
                 A         B        C        D         E       F
            +---------+---------+-------+---------+---------+-------
      Total |      40 |       6 |  13.0 |      23 |       4 |  14.8
            +---------+---------+-------+---------+---------+-------
        D:1 |      35 |       6 |  14.6 |      22 |       4 |  15.4
        D:2 |       5 |       0 |   0.0 |       1 |       0 |   0.0
            +---------+---------+-------+---------+---------+-------

Illustrated notes

Table legend:
 A = Kills in this place as a percentage of kills in entire the game.
 B = Kills by you in this place as a percentage of kills by you in the entire game.
 C = Kills by friends in this place as a percentage of kills by friends in the entire game.
 D = Other kills in this place as a percentage of other kills in the entire game.
 E = Experience gained in this place as a percentage of experience gained in the entire game.
 F = Experience gained in this place divided by the number of levels of this place that you have seen.
                   A       B       C       D       E      F
               +-------+-------+-------+-------+-------+----------------------
         Total | 100.0 | 100.0 |   N/A |   N/A | 100.0 |  23.0
       Dungeon | 100.0 | 100.0 |   N/A |   N/A | 100.0 |  23.0
               +-------+-------+-------+-------+-------+----------------------

Table legend: (Time is in decaauts)
 A = Elapsed time spent in this place.
 B = Non-inter-level travel time spent in this place.
 C = Inter-level travel time spent in this place.
 D = Time resting spent in this place.
 E = Time spent auto-exploring this place.
 F = Levels seen in this place.
 G = Mean time per level.
                   A        B        C        D        E       F      G
               +--------+--------+--------+--------+--------+-----+--------+
         Total |   1016 |   1003 |     13 |    100 |    642 |   2 |  508.0 |
       Dungeon |   1016 |   1003 |     13 |    100 |    642 |   2 |  508.0 |
               +--------+--------+--------+--------+--------+-----+--------+

Top non-repeatable levels by time:
     D:1: 924 daAuts
     D:2: 92 daAuts
